AoeStats
← 体制少妇白洁

Lombardia

507536107Analyzed
4v4 RM · 13d ago on Sep 18, 2026· 45m 37s· 8 players
Game mode
Random Map
Map size
Large (8 player)
Population
200
Speed
Normal
Resources
Standard
Victory
Conquest
Starting age
Dark Age
Ending age
Imperial Age
RankedLock teamsTeams togetherTeam positionsShared explorationLock speedFull tech treeHidden civsTurbo modeCheats
Victory
Defeat
🇦🇷 Burmese · Argentina
1576
+10
🇫🇷 Burgundians · France
1494
+14
🇷🇺 Saracens · Russia
1491
+14
🇳🇱 Italians · Netherlands
1470
+15
🇭🇰 Britons · Hong Kong SAR China
1541
-17
🇨🇳 Burgundians · China
1488
-15
🇨🇳 Persians · China
1445
-13
Jambonbeurre
6:35 Loom
8:57 Feudal Age
9:36 Double-Bit Axe
16:32 Wheelbarrow
19:42 Castle Age
18:20 Scale Barding Armor
18:30 Bow Saw
18:48 Gold Mining
18:42 Horse Collar
22:22 Chain Barding Armor
23:53 Husbandry
25:50 Forging
26:11 Cavalier
27:55 Iron Casting
28:57 Hand Cart
29:04 Heavy Plow
35:13 Imperial Age
35:33 Paladin
37:31 Plate Barding Armor
37:58 Blast Furnace
37:49 Light Cavalry
38:38 Hussar
41:29 Caravan
Night Prowler
9:19 Loom
11:04 Feudal Age
12:14 Double-Bit Axe
14:20 Fletching
14:17 Horse Collar
22:07 Castle Age
20:10 Padded Archer Armor
22:11 Crossbowman
22:48 Bodkin Arrow
22:54 Heavy Plow
25:34 Leather Archer Armor
25:45 Ballistics
25:48 Leather Archer Armor
26:14 Gold Mining
27:03 Stone Mining
28:32 Thumb Ring
32:19 Bow Saw
35:48 Silk Road
37:05 Wheelbarrow
40:07 Imperial Age
38:20 Caravan
41:01 Hand Cart
40:32 Town Watch
40:17 Arbalester
40:58 Bracer
42:38 Chemistry
42:25 Ring Archer Armor
45:29 Conscription
FutureEwe5582
5:49 Loom
9:00 Feudal Age
15:16 Castle Age
14:05 Horse Collar
16:30 Wheelbarrow
19:33 Padded Archer Armor
25:42 Herbal Medicine
25:45 Town Watch
26:14 Fletching
35:33 Imperial Age
33:35 Gold Mining
34:07 Husbandry
34:35 Bloodlines
34:35 Treadmill Crane
35:19 Ballistics
36:03 Bodkin Arrow
36:27 Hand Cart
36:14 Capped Ram
38:07 Gold Shaft Mining
39:27 Parthian Tactics
40:05 Chemistry
39:20 Pikeman
40:01 Scale Mail Armor
40:11 Forging
40:01 Elite Arambai
41:02 Conscription
40:54 Squires
40:40 Arson
42:08 Halberdier
46:03 Chain Mail Armor
46:24 Iron Casting
xxArMoRxx
10:41 Feudal Age
12:52 Loom
15:26 Castle Age
14:34 Horse Collar
15:10 Double-Bit Axe
22:32 Wheelbarrow
22:00 Stone Mining
24:52 Hand Cart
25:12 Bow Saw
26:00 Fervor
30:00 Imperial Age
27:39 Scale Barding Armor
27:45 Forging
28:04 Bloodlines
27:55 Husbandry
27:50 Gold Mining
28:42 Chain Barding Armor
28:30 Husbandry
28:30 Town Watch
29:33 Heavy Plow
30:11 Gold Shaft Mining
30:15 Iron Casting
31:24 Plate Barding Armor
30:26 Elite Mameluke
32:58 Blast Furnace
31:49 Fletching
32:14 Treadmill Crane
32:45 Fortified Wall
33:36 Chemistry
32:57 Ballistics
32:49 Masonry
32:34 Murder Holes
33:22 Conscription
32:39 Light Cavalry
33:59 Caravan
35:23 Hoardings
43:56 Bimaristan
43:53 Bodkin Arrow
43:57 Murder Holes
44:07 Siege Engineers
44:10 Hussar
可爱透耀人
8:31 Feudal Age
8:59 Double-Bit Axe
9:38 Horse Collar
14:41 Scale Barding Armor
16:46 Forging
18:00 Wheelbarrow
21:35 Castle Age
19:42 Gold Mining
21:17 Bloodlines
22:29 Husbandry
23:52 Light Cavalry
24:22 Loom
25:08 Hand Cart
25:54 Gold Shaft Mining
26:28 Chain Barding Armor
26:21 Bow Saw
33:44 Heavy Plow
34:42 Town Watch
37:56 Imperial Age
35:23 Stone Mining
37:33 Cavalier
37:53 Heavy Camel Rider
39:12 Plate Barding Armor
39:12 Iron Casting
体制少妇白洁
7:08 Loom
10:01 Feudal Age
10:56 Double-Bit Axe
13:22 Fletching
13:40 Horse Collar
19:29 Wheelbarrow
22:23 Castle Age
22:26 Crossbowman
23:02 Bodkin Arrow
23:25 Bow Saw
23:21 Gold Mining
24:40 Ballistics
25:15 Padded Archer Armor
35:58 Hand Cart
39:59 Imperial Age
38:06 Leather Archer Armor
38:38 Gold Shaft Mining
40:42 Bracer
40:06 Arbalester
41:51 Chemistry
45:02 Ring Archer Armor
44:55 Yeomen
44:55 Conscription
莲花去国一千年,雨后闻腥犹带铁
5:58 Loom
7:24 Loom
12:09 Feudal Age
14:04 Double-Bit Axe
14:08 Horse Collar
17:02 Castle Age
17:46 Town Watch
18:24 Bow Saw
18:21 Heavy Plow
20:00 Wheelbarrow
32:01 Imperial Age
30:15 Scale Barding Armor
30:21 Forging
31:40 Chain Barding Armor
31:31 Husbandry
31:41 Bloodlines
31:56 Hand Cart
31:35 Gold Mining
31:36 Stone Mining
32:52 Aznauri Cavalry
33:49 Plate Barding Armor
33:39 Elite Monaspa
36:05 Conscription
39:54 Iron Casting
39:50 Elite Skirmisher
41:35 Blast Furnace
40:25 Fletching
40:06 Cavalier
40:06 Light Cavalry
41:21 Hussar
42:46 Padded Archer Armor
42:42 Bodkin Arrow
cookie tin
3:41 Double-Bit Axe
6:54 Loom
9:37 Loom
11:37 Feudal Age
10:33 Horse Collar
15:44 Castle Age
14:12 Bow Saw
16:04 Heavy Plow
16:42 Wheelbarrow
20:58 Fervor
21:41 Hand Cart
23:01 Stone Mining
23:05 Gold Mining
23:53 Crop Rotation
25:23 Town Watch
27:18 Two-Man Saw
28:26 Gold Shaft Mining
28:28 Scale Barding Armor
32:28 Imperial Age
30:21 Town Patrol
31:22 Chain Barding Armor
30:53 Cavalier
31:33 Husbandry
31:55 Burgundian Vineyards
33:03 Forging
32:38 Paladin
33:44 Conscription
33:41 Guilds
34:27 Plate Barding Armor
37:08 Iron Casting
37:17 Fletching
38:50 Blast Furnace
37:45 Fletching
38:32 Hoardings
39:24 Scale Mail Armor
40:04 Caravan
40:17 Fortified Wall
41:46 Murder Holes
41:31 Treadmill Crane
44:58 Chain Mail Armor
44:38 Bodkin Arrow
45:33 Padded Archer Armor
46:00 Ballistics
46:41 Chemistry
Connection lost

Rejoining the realm…

Still unreachable

The connection could not be restored.

Session expired

The server has moved on; the page needs a fresh start.